[Event "Late-Titled-Tuesday-Blitz-September-05-2023"]
[Site "Chess.com"]
[Date "2023.09.05"]
[Round "5"]
[White "MikeSailer"]
[Black "ErikRonka"]
[Result "0-1"]
[WhiteElo "2189"]
[BlackElo "2495"]
[TimeControl "180+1"]
[EndTime "14:53:58 PDT"]
[Termination "ErikRonka won by resignation"]

1. d4 d5 2. Nc3 Nf6 3. Bf4 c5 4.
e4 Nxe4 5. Nxe4 dxe4 6. dxc5 Qa5+ 7. c3 Qxc5 8. Qa4+ Nc6 9. Qxe4 g6 10. Nf3 Bg7 11. Be2 Bxc3+ 12. Nd2 Bxb2 13. O-O Bf5 14. Qa4 Qb4 15. Qd1 Qxf4 0-1

[Event "Late-Titled-Tuesday-Blitz-September-05-2023"]
[Site "Chess.com"]
[Date "2023.09.05"]
[Round "5"]
[White "Colombiano07"]
[Black "Jenia84"]
[Result "0-1"]
[WhiteElo "2403"]
[BlackElo "2332"]
[TimeControl "180+1"]
[EndTime "14:54:07 PDT"]
[Termination "Jenia84 won by resignation"]

1. d4 Nf6 2. c4 e6 3. Nc3 Bb4 4. e3 O-O 5. Ne2 d5 6. a3 Bxc3+ 7. Nxc3 b6 8. cxd5 exd5 9. Be2 c5 10. O-O Ba6 11. Nb5 Qd7 12. a4 Ne4 13. f3 Nd6 14.
Qb3 c4 15. Qb4 Nxb5 16. axb5 Bxb5 17. Bd2 a5 18. Qc3 Na6 19. e4 Nb4 20. Rfc1 Rad8 21. e5 f6 22. f4 Qf5 23. Qg3 Bd7 24. Bxb4 axb4 25. Ra7 Qe4 26. Qf2 fxe5 27. dxe5 Be6 28. Qxb6 Qxe2 29. Qxe6+ Kh8 30. Rf1 Qe3+ 31. Kh1 Qxa7 0-1

[Event "Late-Titled-Tuesday-Blitz-September-05-2023"]
[Site "Chess.com"]
[Date "2023.09.05"]
[Round "5"]
[White "tylityli"]
[Black "Maluco_do_Natal_00"]
[Result "1-0"]
[WhiteElo "2323"]
[BlackElo "1964"]
[TimeControl "180+1"]
[EndTime "14:54:09 PDT"]
[Termination "tylityli won by resignation"]

1. d4 d5 2. c4 c6 3. cxd5 cxd5 4. Bf4 Nf6 5. e3 Nc6 6. Nc3 a6 7. Bd3 Bg4 8. Nge2 e6 9. O-O Bd6 10. f3 Bh5 11. Qe1 Bg6 12. Rd1 Bxd3 13. Rxd3 Rc8 14. Qh4 Bxf4 15. Qxf4 O-O 16. Rdd1 Ne7 17. g4 Ng6 18.
Qg3 Qb6 19. Rb1 Rfe8 20. h4 Qd8 21. h5 Nf8 22. h6 g6 23. Nf4 Qd6 24. Qh4 b5 25.
Qxf6 1-0

[Event "Late-Titled-Tuesday-Blitz-September-05-2023"]
[Site "Chess.com"]
[Date "2023.09.05"]
[Round "5"]
[White "infinitegiantkiller"]
[Black "ilya2700"]
[Result "1-0"]
[WhiteElo "2497"]
[BlackElo "2252"]
[TimeControl "180+1"]
[EndTime "14:54:13 PDT"]
[Termination "infinitegiantkiller won by resignation"]

1. Nf3 d5 2. g3 g6 3. Bg2 Bg7 4. O-O e5 5. d3 Nc6 6. c4 dxc4 7. dxc4 Qxd1 8. Rxd1 e4 9. Ng5 Nd4 10. Nc3 f5 11. e3 Nc6 12. Nb5 Be5 13. Rd5 Ke7 14. Nd4 Bxd4 15. exd4 Nf6 16. Rc5 Nd7 17. Rxc6 bxc6 18.
Bf4 h6 19. Nh3 Kd8 20. f3 g5 21. Bd2 Re8 22. fxe4 fxe4 23. Nxg5 hxg5 24. Bxg5+ Nf6 25. Bxf6+ Kd7 26. Be5 Rb8 27. b3 c5 28. Rd1 cxd4 29.
Rxd4+ Ke6 30. Bxc7 Rb7 31. Rxe4+ 1-0

[Event "Late-Titled-Tuesday-Blitz-September-05-2023"]
[Site "Chess.com"]
[Date "2023.09.05"]
[Round "5"]
[White "ural58"]
[Black "sofaceindisguise"]
[Result "0-1"]
[WhiteElo "2522"]
[BlackElo "2739"]
[TimeControl "180+1"]
[EndTime "14:54:14 PDT"]
[Termination "sofaceindisguise won by resignation"]

1. e4 c5 2. b3 e6 3. Nf3 Nc6 4.
Bb2 Nf6 5. e5 Nd5 6. g3 Be7 7.
Bg2 O-O 8. O-O f6 9. c4 Ndb4 10. d3 Nxe5 11. Nxe5 fxe5 12. Bxe5 Nc6 13. Bxc6 bxc6 14.
Qg4 Rf7 15. Nd2 d6 16. Bc3 e5 17. Qe2 Bh3 18. Rfe1 Qd7 19. f3 Raf8 20. Qe3 h6 21. Qe4 Bg5 22. b4 cxb4 23. Bxb4 c5 24. Bc3 Bxd2 25.
Bxd2 Rxf3 26. Bf4 R8xf4 27. Qa8+ Kh7 28. gxf4 Qg4+ 0-1

[Event "Late-Titled-Tuesday-Blitz-September-05-2023"]
[Site "Chess.com"]
[Date "2023.09.05"]
[Round "5"]
[White "rdarruda"]
[Black "GaiozNigalidze"]
[Result "0-1"]
[WhiteElo "2533"]
[BlackElo "2760"]
[TimeControl "180+1"]
[EndTime "14:54:14 PDT"]
[Termination "GaiozNigalidze won by resignation"]

1. d4 Nf6 2. Nf3 e6 3. Nc3 c5 4. d5 a6 5. e4 exd5 6. Nxd5 Nxd5 7. Qxd5 Nc6 8. Bc4 Qe7 9. Bg5 f6 10. Be3 b5 11. Be2 Bb7 12. O-O-O O-O-O 13. Rhe1 Nb4 14. Qd2 Bxe4 15. Bd3 Nxd3+ 16. cxd3 Bxf3 17. gxf3 Qd6 18. Kb1 Kb7 19. Rc1 Qd5 20. Qa5 Bd6 21. b4 Qxd3+ 22.
Rc2 Bc7 0-1

[Event "Late-Titled-Tuesday-Blitz-September-05-2023"]
[Site "Chess.com"]
[Date "2023.09.05"]
[Round "5"]
[White "AlexNovitz"]
[Black "WilsonPalencia21"]
[Result "0-1"]
[WhiteElo "2227"]
[BlackElo "2551"]
[TimeControl "180+1"]
[EndTime "14:54:27 PDT"]
[Termination "WilsonPalencia21 won by resignation"]

1. e4 c5 2. Nf3 d6 3. d4 cxd4 4.
Nxd4 Nf6 5. Nc3 g6 6. Be3 Bg7 7. f3 O-O 8. Qd2 Nc6 9. g4 Nxd4 10. Bxd4 Be6 11. h4 Qa5 12. h5 Rfc8 13. hxg6 fxg6 14. Be2 Bf7 15. f4 e5 16. Be3 exf4 17. Bxf4 Rxc3 18.
Qxc3 Qxc3+ 19. bxc3 Nxe4 20. Rb1 Nxc3 21. Rxb7 Re8 22.
Rh2 Bc4 23. Bxd6 Bxe2 24. Rxa7 Bxg4+ 25. Kd2 Ne4+ 26. Kc1 Nxd6 27. a4 Nc4 28. Rh1 h5 29.
a5 Bh6+ 30. Kb1 Rb8+ 31. Ka2 Be6 32. a6 Ne3+ 33. Ka3 Nxc2+ 34. Ka4 Bb3+ 0-1

[Event "Late-Titled-Tuesday-Blitz-September-05-2023"]
[Site "Chess.com"]
[Date "2023.09.05"]
[Round "5"]
[White "kaanadayhamle"]
[Black "boguszp"]
[Result "1-0"]
[WhiteElo "2355"]
[BlackElo "2078"]
[TimeControl "180+1"]
[EndTime "14:54:28 PDT"]
[Termination "kaanadayhamle won by resignation"]

1. c4 c5 2. Nf3 g6 3. Nc3 Bg7 4. e3 Nc6 5. d4 cxd4 6. exd4 d6 7. Be3 Nf6 8. d5 Ne5 9. Nxe5 dxe5 10. Be2 O-O 11.
O-O e6 12. d6 b6 13. Bf3 Rb8 14. b4 e4 15. Be2 Ne8 16. Rc1 Nxd6 17. c5 bxc5 18.
bxc5 Nf5 19. Nxe4 Qxd1 20. Rfxd1 Bb7 21. c6 Bc8 22. Bc5 Re8 23. g4 Ne7 24. Nd6 Rd8 25. c7 Nc6 26. cxb8=Q Nxb8 27. Bxa7 Bd7 28. Nb7 Rc8 29. Bxb8 Rxb8 30. Rxd7 1-0

[Event "Late-Titled-Tuesday-Blitz-September-05-2023"]
[Site "Chess.com"]
[Date "2023.09.05"]
[Round "5"]
[White "kingofthenil"]
[Black "BigAl"]
[Result "0-1"]
[WhiteElo "2762"]
[BlackElo "2550"]
[TimeControl "180+1"]
[EndTime "14:54:34 PDT"]
[Termination "BigAl won by resignation"]

1. e4 c6 2. Nf3 d5 3. e5 Bf5 4. Be2 e6 5. O-O Ne7 6. d4 Ng6 7. Be3 Nd7 8. Nbd2 f6 9. c4 Be7 10. exf6 Bxf6 11. Re1 O-O 12. Nf1 Nh4 13. Nxh4 Bxh4 14.
Ng3 Bg6 15. Bg4 Qf6 16. cxd5 cxd5 17. Qb3 Nb6 18. Rac1 Nc4 19. Rxc4 dxc4 20. Qxc4 Rae8 21. Bf3 b6 22. h3 Kh8 23. Ne4 Bxe4 24. Bxe4 Bxf2+ 25. Kh2 Bxe3 26. Rxe3 Qf4+ 27. Rg3 Qxe4 28. Qc7 Qxd4 29.
h4 h6 30. h5 Rf5 31. Qf7 Rxf7 32. Rg4 Qxg4 0-1

[Event "Late-Titled-Tuesday-Blitz-September-05-2023"]
[Site "Chess.com"]
[Date "2023.09.05"]
[Round "5"]
[White "BeanScreen"]
[Black "DTChess"]
[Result "0-1"]
[WhiteElo "2697"]
[BlackElo "2478"]
[TimeControl "180+1"]
[EndTime "14:54:35 PDT"]
[Termination "DTChess won by checkmate"]

1. e4 e5 2. Nf3 Nc6 3. Bc4 Nf6 4. d3 Bc5 5. c3 d6 6. O-O Bb6 7. Re1 Be6 8. Bxe6 fxe6 9. d4 exd4 10. cxd4 O-O 11.
Nc3 e5 12. dxe5 dxe5 13. Be3 Rf7 14. Qb3 h6 15. Rad1 Qe8 16. Bxb6 axb6 17. Nd5 Kh7 18. a3 Nh5 19. g3 Qf8 20. Kg2 Nd4 21. Nxd4 Rxf2+ 22. Kg1 exd4 23. Nxc7 Ra5 24. Qxb6 Qf3 25. Qxa5 Qg2# 0-1

[Event "Late-Titled-Tuesday-Blitz-September-05-2023"]
[Site "Chess.com"]
[Date "2023.09.05"]
[Round "5"]
[White "TC2304"]
[Black "miraitrunks"]
[Result "1/2-1/2"]
[WhiteElo "2358"]
[BlackElo "2098"]
[TimeControl "180+1"]
[EndTime "14:54:38 PDT"]
[Termination "Game drawn by agreement"]

1. c4 e5 2. g3 Nf6 3. Bg2 Nc6 4. Nc3 Bb4 5. e3 O-O 6. Nge2 d6 7. O-O Be6 8. Nd5 Bxd5 9. cxd5 Ne7 10. Nc3 a6 11.
a3 Bc5 12. b4 Ba7 13. Bb2 c6 14. dxc6 bxc6 15. Rc1 Rc8 16. Qe2 Qb6 17. Ne4 Nxe4 18. Bxe4 f5 19. Bg2 a5 20. Bc3 axb4 21. axb4 Ng6 22.
d4 f4 23. dxe5 dxe5 24. exf4 exf4 25. Qc4+ Kh8 26. Rcd1 fxg3 27. hxg3 Rxf2 28. Bd4 Rxf1+ 29. Bxf1 Qb7 30. Bd3 Rd8 31. Bxg6 Bxd4+ 32. Rxd4 Rxd4 33. Qxd4 hxg6 1/2-1/2

[Event "Late-Titled-Tuesday-Blitz-September-05-2023"]
[Site "Chess.com"]
[Date "2023.09.05"]
[Round "5"]
[White "KejJaj"]
[Black "GMForgacs"]
[Result "0-1"]
[WhiteElo "2201"]
[BlackElo "2397"]
[TimeControl "180+1"]
[EndTime "14:54:40 PDT"]
[Termination "GMForgacs won by checkmate"]

1. d4 Nf6 2. Bf4 g6 3. Nc3 d5 4. e3 Bg7 5. Nb5 Na6 6. Nc3 O-O 7. Bxa6 bxa6 8. Be5 Bf5 9. f3 Ne8 10. Bxg7 Kxg7 11. g4 Be6 12. h4 h6 13. Nh3 Nd6 14. b3 c6 15. Nf4 Qd7 16. Qd3 f5 17. gxf5 Bxf5 18. Qd2 Rae8 19. Na4 Kh7 20. Nc5 Qc8 21. O-O-O e5 22. dxe5 Rxe5 23. Nfd3 Re7 24. Nf4 Qe8 25. Rde1 Qf7 26. Rhg1 Qf6 27. Kb1 Nb5 28. Ne2 Na3+ 29.
Kc1 Qa1# 0-1

[Event "Late-Titled-Tuesday-Blitz-September-05-2023"]
[Site "Chess.com"]
[Date "2023.09.05"]
[Round "5"]
[White "chessS1r"]
[Black "kacprekt"]
[Result "1-0"]
[WhiteElo "2597"]
[BlackElo "2431"]
[TimeControl "180+1"]
[EndTime "14:54:45 PDT"]
[Termination "chessS1r won by resignation"]

1. d4 Nf6 2. Bg5 d6 3. Bxf6 exf6 4. c4 f5 5. Nc3 g6 6. e3 Bg7 7. g3 O-O 8. Bg2 c6 9. Nge2 Nd7 10. Qd3 Nb6 11. O-O Be6 12. b3 d5 13. cxd5 Nxd5 14. Nxd5 Bxd5 15. Bxd5 Qxd5 16. Nf4 Qf3 17. Rac1 Rad8 18.
Qe2 Qe4 19. Qc2 Qf3 20. Nd3 h5 21. Qd1 Qe4 22. Nc5 Qe7 23. Qf3 h4 24. Qf4 h3 25.
Nd3 Qe4 26. Qxe4 fxe4 27. Nf4 g5 28. Nxh3 Bh6 29. Rc5 f6 30. Rfc1 Rd6 31. Kg2 Rfd8 32. Ng1 Bf8 33. Ne2 Rd5 34. Rxd5 Rxd5 35. g4 Bb4 36. Ng3 Ra5 37. Rc2 Kf7 38. Nxe4 Ke6 39. Ng3 b6 40. Kf3 c5 41. dxc5 bxc5 42. Ne4 Rb5 43.
Ke2 f5 44. gxf5+ Kxf5 45. Nd6+ 1-0

[Event "Late-Titled-Tuesday-Blitz-September-05-2023"]
[Site "Chess.com"]
[Date "2023.09.05"]
[Round "5"]
[White "whiteglovethief"]
[Black "a-z30"]
[Result "1-0"]
[WhiteElo "2494"]
[BlackElo "2303"]
[TimeControl "180+1"]
[EndTime "14:54:46 PDT"]
[Termination "whiteglovethief won by resignation"]

1. d4 d6 2. Nf3 Nf6 3. g3 g6 4. Bg2 Bg7 5. c4 O-O 6. Nc3 c6 7. O-O Bf5 8. Re1 Ne4 9. Nh4 Nxc3 10. bxc3 Bd7 11. Rb1 Qc7 12. e4 c5 13. e5 Nc6 14.
exd6 exd6 15. dxc5 dxc5 16. Bf4 Qc8 17. Qd6 Bxc3 18.
Red1 Bd4 19. Bd5 Bg4 20. Rxd4 Nxd4 21. Rxb7 Qd8 22. Rxf7 Rxf7 23. Bxa8 Qxd6 24. Bxd6 Rd7 25. Bd5+ Kg7 26. Bxc5 Ne2+ 27. Kf1 Nc1 28. f3 Bf5 29. Bd4+ Kh6 30. Be3+ g5 31. Nxf5+ 1-0

[Event "Late-Titled-Tuesday-Blitz-September-05-2023"]
[Site "Chess.com"]
[Date "2023.09.05"]
[Round "5"]
[White "Akhayan"]
[Black "martinbitel"]
[Result "1-0"]
[WhiteElo "2360"]
[BlackElo "2248"]
[TimeControl "180+1"]
[EndTime "14:54:59 PDT"]
[Termination "Akhayan won by checkmate"]

1. e4 c6 2. d4 d5 3. Nc3 dxe4 4. Nxe4 Nf6 5. Nxf6+ exf6 6. c3 Bd6 7. Bd3 O-O 8. Ne2 Qc7 9. Qc2 h5 10. Be3 Be6 11. Ng3 h4 12. Nf5 Bxf5 13. Bxf5 b5 14. Qe4 g6 15. Bh3 b4 16. Qxh4 bxc3 17. bxc3 Qa5 18. O-O Qxc3 19. Qxf6 Re8 20. Qxd6 Na6 21.
Qf6 c5 22. Rac1 Qb2 23. Qxa6 cxd4 24. Qf6 Qb6 25. Bxd4 Qxf6 26. Bxf6 Re2 27. Rc4 Rxa2 28. Rh4 a5 29. Rh8# 1-0

[Event "Late-Titled-Tuesday-Blitz-September-05-2023"]
[Site "Chess.com"]
[Date "2023.09.05"]
[Round "5"]
[White "cthake"]
[Black "DenizSeyhanoglu1"]
[Result "0-1"]
[WhiteElo "1871"]
[BlackElo "2321"]
[TimeControl "180+1"]
[EndTime "14:55:00 PDT"]
[Termination "DenizSeyhanoglu1 won by checkmate"]

1. e4 d5 2. exd5 Qxd5 3. Nc3 Qa5 4. d4 Nf6 5. Nf3 Bf5 6. Bd3 Bg6 7. Bxg6 hxg6 8. O-O c6 9. Bd2 e6 10. Ne5 Nbd7 11.
Re1 Qc7 12. Bf4 Bd6 13. Bg3 Nh5 14. Qe2 Nxg3 15. hxg3 Nxe5 16. dxe5 Bc5 17. Rad1 O-O 18. Qe4 Rfd8 19. a3 Rxd1 20. Rxd1 Rd8 21. Rxd8+ Qxd8 22.
Na4 Qd1+ 23. Kh2 Bxf2 24. Nc3 Qg1+ 25. Kh3 Qh1+ 26. Kg4 Qh5+ 27. Kf4 g5# 0-1

[Event "Late-Titled-Tuesday-Blitz-September-05-2023"]
[Site "Chess.com"]
[Date "2023.09.05"]
[Round "5"]
[White "Javylavilla"]
[Black "The_Straightforward_Rook"]
[Result "0-1"]
[WhiteElo "2297"]
[BlackElo "2496"]
[TimeControl "180+1"]
[EndTime "14:55:01 PDT"]
[Termination "The_Straightforward_Rook won by checkmate"]

1. e4 e5 2. Nf3 Nc6 3. Bb5 Nf6 4. d3 Bc5 5. Nc3 O-O 6. Bg5 h6 7. Bh4 Nd4 8. Nxe5 Nxb5 9. Nxb5 g5 10. Bg3 c6 11. Nc3 d5 12. exd5 cxd5 13. O-O d4 14. Ne4 Nxe4 15. dxe4 Qe7 16. Ng4 Kg7 17. Be5+ f6 18.
Bxf6+ Rxf6 19. Nxf6 Qxf6 20. Qd3 Be6 21. Rae1 Qe5 22. g3 Bh3 23. f4 Bxf1 24. Rxf1 gxf4 25. gxf4 Qf6 26. Kh1 Kh8 27. e5 Qc6+ 28. Kg1 Rg8+ 29. Kf2 Rg2+ 30. Ke1 Bb4+ 31. c3 dxc3 32. Qd8+ Rg8 33.
Qh4 cxb2+ 34. Ke2 Qe4+ 35. Kd1 Qd3# 0-1

[Event "Late-Titled-Tuesday-Blitz-September-05-2023"]
[Site "Chess.com"]
[Date "2023.09.05"]
[Round "5"]
[White "whitemirrorninja"]
[Black "KATPAH"]
[Result "0-1"]
[WhiteElo "2512"]
[BlackElo "2678"]
[TimeControl "180+1"]
[EndTime "14:55:05 PDT"]
[Termination "KATPAH won by checkmate"]

1. d4 e5 2. dxe5 d6 3. exd6 Bxd6 4. Nf3 Nf6 5. g3 O-O 6. Bg2 Nc6 7. O-O Bf5 8. a3 Qe7 9. b4 Rad8 10. Nbd2 Ne5 11. Nd4 Bg6 12. e3 c5 13. bxc5 Bxc5 14. N2b3 Nc6 15. Nxc5 Qxc5 16. Bb2 Nxd4 17. Bxd4 Qc7 18. c3 b6 19. a4 Ne4 20. Rc1 Nc5 21. h4 Bd3 22.
Re1 Ba6 23. Bf1 Bb7 24. f3 Qxg3+ 25. Bg2 Ba6 26. c4 Ne6 27. Qd2 Qxh4 28. Qf2 Qxf2+ 29. Kxf2 Nxd4 30. exd4 Rxd4 31. c5 bxc5 32. Rxc5 Rxa4 33. Rc7 Bc8 34. Ree7 Be6 35. Rxa7 Rxa7 36. Rxa7 Rb8 37. Kg3 g6 38. Rc7 Kg7 39. Rc5 h5 40. Ra5 Rb2 41. Ra4 g5 42. f4 h4+ 43. Kf3 Bd5+ 44.
Kg4 Rxg2+ 45. Kh5 Bf3# 0-1

[Event "Late-Titled-Tuesday-Blitz-September-05-2023"]
[Site "Chess.com"]
[Date "2023.09.05"]
[Round "5"]
[White "komogro"]
[Black "micke12a"]
[Result "1-0"]
[WhiteElo "2513"]
[BlackElo "2331"]
[TimeControl "180+1"]
[EndTime "14:55:05 PDT"]
[Termination "komogro won by resignation"]

1. Nf3 Nf6 2. g3 g6 3. Bg2 Bg7 4. O-O O-O 5. c4 c5 6. Nc3 Nc6 7. d3 d6 8. Rb1 h6 9. a3 Rb8 10. b4 b6 11. Bd2 Bb7 12. Re1 e5 13. e4 Re8 14. Qa4 Qd7 15. Nd5 Red8 16. Nxf6+ Bxf6 17. Bxh6 cxb4 18. axb4 a6 19. Qd1 a5 20. bxa5 bxa5 21.
Bd2 Ba6 22. Qe2 Nb4 23. h4 Qa4 24. Bg5 Bxg5 25. Nxg5 Nc2 26. Qf3 Qd7 27. Bh3 Nxe1 28. Rxe1 Qe7 29. Ra1 Bc8 30. Rxa5 Bxh3 31. Nxh3 Rb1+ 32.
Kg2 Kg7 33. Qg4 Qe6 34. Qxe6 fxe6 35. Ra7+ Kf6 36. Ng5 1-0

[Event "Late-Titled-Tuesday-Blitz-September-05-2023"]
[Site "Chess.com"]
[Date "2023.09.05"]
[Round "5"]
[White "platy3"]
[Black "AndreiITrifan"]
[Result "1-0"]
[WhiteElo "2909"]
[BlackElo "2626"]
[TimeControl "180+1"]
[EndTime "14:55:09 PDT"]
[Termination "platy3 won by resignation"]

1. e4 e5 2. Nf3 Nc6 3. Bc4 Bc5 4. c3 Nf6 5. d4 exd4 6. b4 Bb6 7. e5 Ne4 8. b5 d5 9. exd6 Nxd6 10. bxc6 Nxc4 11.
cxb7 Qe7+ 12. Kf1 Bxb7 13. Qa4+ Kd8 14. Qxc4 a5 15. Kg1 dxc3 16. Ba3 Qe6 17. Qxe6 fxe6 18. Nxc3 Ke8 19. Na4 Ba7 20. Bc5 Bc6 21. Bxa7 Bxa4 22.
Bc5 Kf7 23. h4 Rad8 24. Kh2 Rd5 25. Rac1 Rb8 26. Be3 c6 27. Rc4 h6 28. Rxa4 1-0

[Event "Late-Titled-Tuesday-Blitz-September-05-2023"]
[Site "Chess.com"]
[Date "2023.09.05"]
[Round "5"]
[White "Msb2"]
[Black "rquery98"]
[Result "1-0"]
[WhiteElo "3080"]
[BlackElo "2684"]
[TimeControl "180+1"]
[EndTime "14:55:10 PDT"]
[Termination "Msb2 won by resignation"]

1. d4 Nf6 2. c4 g6 3. Nc3 d5 4.
cxd5 Nxd5 5. e4 Nxc3 6. bxc3 Bg7 7. Nf3 c5 8. Bb5+ Nc6 9. O-O O-O 10. Bxc6 bxc6 11. Qc2 Bg4 12. Ne5 Bxe5 13. dxe5 Qc7 14. f4 Bc8 15. Be3 Qa5 16. f5 c4 17. Bf4 f6 18. e6 g5 19. Be3 c5 20. Rfd1 Qc7 21. Qf2 Bb7 22. Rd7 Qe5 23. Rxe7 Bxe4 24. Bxc5 Qxf5 25.
Re1 Rfe8 26. Qd4 Bd5 27. Rf1 Qe4 28. Qxe4 Bxe4 29. Rxf6 Rxe7 30. Bxe7 Re8 31. Bc5 Bg6 32. e7 Kg7 33. Ra6 Kf7 34. Rxa7 Rc8 35. Bb4 Rb8 36. a4 Ke8 37. a5 Rb5 38. Rc7 Rd5 39. a6 Rd1+ 40. Kf2 Rd7 41. Rc8+ 1-0

[Event "Late-Titled-Tuesday-Blitz-September-05-2023"]
[Site "Chess.com"]
[Date "2023.09.05"]
[Round "5"]
[White "sergoy"]
[Black "JG-17"]
[Result "1-0"]
[WhiteElo "2902"]
[BlackElo "2611"]
[TimeControl "180+1"]
[EndTime "14:55:13 PDT"]
[Termination "sergoy won by resignation"]

1. d4 d5 2. c4 e6 3. Nf3 Nf6 4. Nc3 Bb4 5. Qa4+ Nc6 6. e3 O-O 7. Qc2 b6 8. Bd2 Bxc3 9. Bxc3 Bb7 10. Be2 a5 11. O-O Nb4 12. Qd1 Ne4 13. Be1 Qe7 14.
a3 Na6 15. Rc1 c5 16. cxd5 Bxd5 17. dxc5 Naxc5 18. Nd4 Rfd8 19. b4 Nb7 20. f3 Nf6 21. e4 e5 22. Nf5 Qd7 23. Bf2 axb4 24. axb4 Qe6 25. Qe1 Bb3 26. Be3 Rac8 27. Qg3 g6 28.
Qg5 Rxc1 29. Rxc1 Nh5 30. Rc6 Qd7 31. Bxb6 Rc8 32. Rxc8+ Qxc8 33. Ne7+ 1-0

[Event "Late-Titled-Tuesday-Blitz-September-05-2023"]
[Site "Chess.com"]
[Date "2023.09.05"]
[Round "5"]
[White "MustafayevFarid2004"]
[Black "HansOnTwitch"]
[Result "0-1"]
[WhiteElo "2662"]
[BlackElo "3008"]
[TimeControl "180+1"]
[EndTime "14:55:14 PDT"]
[Termination "HansOnTwitch won by resignation"]

1. c4 g6 2. Nf3 Bg7 3. g3 e5 4. d3 Nc6 5. Bg2 d6 6. O-O f5 7. Nc3 Nf6 8. Rb1 a5 9. Ne1 O-O 10. a3 Nd4 11. e3 Ne6 12. Nd5 c6 13.
Nxf6+ Qxf6 14. b4 axb4 15. axb4 f4 16. exf4 exf4 17. Bb2 Qf7 18. Nf3 Bxb2 19. Rxb2 Ra3 20. g4 Qf6 21. Rd2 Bd7 22. h3 Rfa8 23. Qe2 Re8 24. Qd1 h5 25. Re1 hxg4 26. hxg4 Rea8 27. Qe2 Ra1 28. Rdd1 Rxd1 29. Rxd1 Re8 30. Qa2 Ng5 31. Nh2 f3 32. Bf1 Qf4 33. Qa8 0-1

[Event "Late-Titled-Tuesday-Blitz-September-05-2023"]
[Site "Chess.com"]
[Date "2023.09.05"]
[Round "5"]
[White "Good_Knight_Kiss"]
[Black "ArtemDyachuk"]
[Result "0-1"]
[WhiteElo "2337"]
[BlackElo "2547"]
[TimeControl "180+1"]
[EndTime "14:55:14 PDT"]
[Termination "ArtemDyachuk won on time"]

1. e4 c5 2. Nf3 d5 3. exd5 Qxd5 4. Nc3 Qd7 5. d4 cxd4 6. Nxd4 a6 7. Be3 g6 8. Bc4 Bg7 9. O-O Nf6 10. h3 O-O 11.
Qe2 b5 12. Bb3 Bb7 13. Rad1 Qc8 14. a3 Nh5 15. Nd5 Re8 16. Bg5 h6 17. Nxe7+ Rxe7 18. Bxe7 Nc6 19. Nxc6 Bxc6 20. Bd6 Qb7 21. Qg4 Nf6 22.
Qg3 Kh7 23. f3 Nh5 24. Qh2 Rd8 25. Be5 Qb6+ 26. Kh1 Rxd1 27. Rxd1 Qf2 28. Qg1 Qxg1+ 29. Kxg1 Bxe5 30. Bd5 Be8 31. Be4 f5 32. Bd3 Bd4+ 33. Kf1 Bxb2 34. a4 bxa4 35. Bxa6 a3 36. Bc4 Kg7 37.
Rd8 Kf8 38. Ra8 Ke7 0-1

[Event "Late-Titled-Tuesday-Blitz-September-05-2023"]
[Site "Chess.com"]
[Date "2023.09.05"]
[Round "5"]
[White "karinachess1"]
[Black "Schwindle"]
[Result "1-0"]
[WhiteElo "2563"]
[BlackElo "2416"]
[TimeControl "180+1"]
[EndTime "14:55:22 PDT"]
[Termination "karinachess1 won by resignation"]

1. c4 Nf6 2. Nc3 e6 3. d4 Bb4 4. Qc2 Nc6 5. Nf3 d6 6. a3 Bxc3+ 7. Qxc3 O-O 8. Bg5 h6 9. Bh4 Re8 10. Qc2 g5 11. Bg3 g4 12. Nh4 Nxd4 13. Qd1 e5 14. e3 Nf5 15. Bd3 e4 16. Be2 h5 17. Nxf5 Bxf5 18.
Bh4 Re6 19. h3 Qc8 20. Qd4 c5 21. Qc3 Nh7 22. hxg4 hxg4 23. Bg3 Rg6 24. O-O-O Qe6 25. Rxd6 Qe7 26. Rxg6+ fxg6 27. Rd1 Rd8 28. Rxd8+ Qxd8 29. Qe5 b6 30. Qb8 Qxb8 31. Bxb8 a6 32. Ba7 b5 33. cxb5 axb5 34. Bxb5 g3 35. fxg3 Nf6 36. Bxc5 Ng4 37. a4 1-0

[Event "Late-Titled-Tuesday-Blitz-September-05-2023"]
[Site "Chess.com"]
[Date "2023.09.05"]
[Round "5"]
[White "GianmarcoVaR"]
[Black "Kombinator01"]
[Result "1-0"]
[WhiteElo "2620"]
[BlackElo "2447"]
[TimeControl "180+1"]
[EndTime "14:55:23 PDT"]
[Termination "GianmarcoVaR won by resignation"]

1. e4 a6 2. Nf3 c5 3. c3 e6 4. d4 d5 5. exd5 Qxd5 6. Bd3 Nf6 7. O-O Nc6 8. Be3 Be7 9. Nbd2 O-O 10. Qe2 b5 11. dxc5 Bxc5 12. Bxc5 Qxc5 13. Ne4 Nxe4 14.
Qxe4 f5 15. Qe2 e5 16. Bc2 e4 17. Bb3+ Kh8 18. Ng5 Ra7 19. Nxh7 g6 20. Nxf8 Qxf8 21. Rad1 Re7 22. Rd6 Ne5 23. Rfd1 Kh7 24. Rd8 Re8 25. Rxe8 Qxe8 26. Qe3 Qe7 27. Qb6 Bd7 28. Qd6 Qg7 29.
Rd5 Qh6 30. Qxe5 Qc1+ 31. Rd1 1-0

[Event "Late-Titled-Tuesday-Blitz-September-05-2023"]
[Site "Chess.com"]
[Date "2023.09.05"]
[Round "5"]
[White "koncheto"]
[Black "KaydenTroffChess"]
[Result "0-1"]
[WhiteElo "2572"]
[BlackElo "2791"]
[TimeControl "180+1"]
[EndTime "14:55:28 PDT"]
[Termination "KaydenTroffChess won by resignation"]

1. e4 c5 2. Nf3 g6 3. d4 cxd4 4. Nxd4 Bg7 5. c4 Qb6 6. Nb3 a5 7. Be3 Qb4+ 8. Bd2 Qd6 9. Nc3 a4 10.
Nc1 a3 11. b3 Nc6 12. Nd3 Nf6 13. Be2 Ne5 14. Nxe5 Qxe5 15. f4 Qc5 16. Qc2 d6 17.
Qd3 O-O 18. Be3 Qa5 19. O-O Bd7 20. Rab1 Rac8 21. Rfd1 b5 22. Nxb5 Bxb5 23. cxb5 Rc3 24. Bd2 Qb6+ 25. Be3 Qxe3+ 0-1

[Event "Late-Titled-Tuesday-Blitz-September-05-2023"]
[Site "Chess.com"]
[Date "2023.09.05"]
[Round "5"]
[White "leoduarte"]
[Black "reevecanada"]
[Result "0-1"]
[WhiteElo "2387"]
[BlackElo "2545"]
[TimeControl "180+1"]
[EndTime "14:55:28 PDT"]
[Termination "reevecanada won on time"]

1. d4 Nf6 2. c4 g6 3. Nc3 d5 4.
Nf3 Bg7 5. Bg5 Ne4 6. Bf4 Nxc3 7. bxc3 dxc4 8. e3 b5 9. a4 c6 10. Qb1 a6 11. axb5 cxb5 12. Qe4 Ra7 13. Bxb8 Bb7 14. Qf4 Ra8 15. Bc7 Qd7 16. Be2 O-O 17. O-O f6 18. Qg3 e5 19. Bb6 e4 20. Nd2 f5 21. Qc7 Qd5 22. Qc5 Qd7 23. Nxc4 bxc4 24. Bxc4+ Kh8 25. Qc7 Qxc7 26. Bxc7 Rfc8 27. Rfb1 Rxc7 28. Be2 Bd5 29.
c4 Bxc4 30. Rc1 Rac8 31. Bd1 Bd3 32. Rxc7 Rxc7 33. h4 h6 34. h5 g5 35. g4 f4 36.
Bb3 f3 37. Be6 Bf8 38. d5 Bd6 39. Rd1 a5 40. Bf5 a4 41. Ra1 a3 42. Kh1 a2 43. Bxe4 Bxe4 44. Rd1 Bxd5 45. e4 Bxe4 46. Re1 Be5 47. Kg1 Rb7 0-1

[Event "Late-Titled-Tuesday-Blitz-September-05-2023"]
[Site "Chess.com"]
[Date "2023.09.05"]
[Round "5"]
[White "Bobbybunny"]
[Black "YEIKO2017"]
[Result "0-1"]
[WhiteElo "2204"]
[BlackElo "2429"]
[TimeControl "180+1"]
[EndTime "14:55:39 PDT"]
[Termination "YEIKO2017 won by resignation"]

1. e4 c5 2. Nf3 d6 3. d4 cxd4 4. Nxd4 Nf6 5. Nc3 g6 6. Be3 Bg7 7.
f3 O-O 8. Qd2 Nc6 9. O-O-O d5 10.
Qe1 e6 11. h4 Qe7 12. h5 Nxh5 13. exd5 exd5 14. Nxd5 Qe5 15. Bc4 Re8 16. f4 Qe4 17. Nc7 Nxd4 18. Bxd4 Qxf4+ 19. Qd2 Qxc7 20. Bxg7 Nxg7 21.
Qh6 Qxc4 22. Qxh7+ Kf8 23. Qh8+ Ke7 24. Qxg7 Be6 25.
b3 Qf4+ 26. Kb1 Qf6 27. Qh6 Rh8 28. Qe3 Rxh1 29. Qc5+ Ke8 30. Rxh1 Rc8 31. Qb5+ Kf8 32. Qb4+ Kg7 33. Qc3 Qxc3 0-1